 Dungeon Crawl Stone Soup version 0.31-a0-632-g766dd24fdf (webtiles) character file.

Game seed: 9668153178366004309

1814 Shayle the Fighter (level 9, -2/97 HPs)
             Began as an Ogre Shapeshifter on Aug 25, 2023.
             Was an Initiate of Ashenzari.
             Slain by an ice beast (4 damage)
             ... on level 6 of the Dungeon.
             The game lasted 00:18:05 (6374 turns).

Shayle the Fighter (Ogre Shapeshifter)              Turns: 6374, Time: 00:18:05

Health: -2/97      AC:  3    Str: 21    XL:     9   Next: 10%
Magic:  19/19      EV:  9    Int: 13    God:    Ashenzari [......]
Gold:   334        SH:  0    Dex:  9    Spells: 22/22 levels left

rFire   + . .        x - +2 long sword (drain)
rCold   . . .        (no shield)
rNeg    + . .        a - +0 animal skin
rPois   .            (helmet currently unavailable)
rElec   .            (cloak currently unavailable)
rCorr   .            (gloves unavailable)
SInv    .            (boots unavailable)
Will    .....        (no amulet)
Stlth   +            n - ring of protection from fire
HPRegen 0.36/turn    u - ring of positive energy
MPRegen 0.16/turn

%: no passive effects
@: beast-form
A: beast (slay +1), large, unfitting armour, tough skin 1
a: Begin Untransformation, Renounce Religion, Curse Item


You were on level 6 of the Dungeon.
You worshipped Ashenzari.
Ashenzari was noncommittal.
You were a hulking beast.
You visited 2 branches of the dungeon, and saw 8 of its levels.

You collected 334 gold pieces.

Inventory:

Hand Weapons
 g - a +2 heavy spear
 x - a +2 long sword of draining (weapon)
Missiles
 y - a curare-tipped dart
Armour
 a - a +0 animal skin (worn)
Jewellery
 n - a ring of protection from fire (left hand)
 u - a ring of positive energy (right hand)
Talismans
 c - a beast talisman (active)
 d - a flux talisman
Scrolls
 b - a scroll of noise {unknown}
 e - 5 scrolls of identify
 h - a scroll of enchant armour {unknown}
 k - a scroll of torment {unknown}
 l - 2 scrolls of teleportation {unknown}
 m - a scroll of fear {unknown}
 o - 2 scrolls of blinking {unknown}
 p - a scroll of vulnerability {unknown}
 s - a scroll of immolation {unknown}
 t - a scroll of amnesia {unknown}
 v - a scroll of revelation {unknown}
 w - a scroll of fog {unknown}
 z - a scroll of silence {unknown}
Potions
 f - a potion of brilliance
 i - a potion of resistance {unknown}
 q - a potion of cancellation {unknown}
 r - a potion of enlightenment {unknown}


   Skills:
 + Level 8.8 Fighting
 - Level 1.7 Dodging
 + Level 6.6 Unarmed Combat
 + Level 7.1 Spellcasting
 - Level 3.0 Shapeshifting


You had 22 spell levels left.
You didn't know any spells.
Your spell library contained the following spells:

 Spells                   Type           Power      Damage    Failure   Level
 Foxfire                  Conj/Fire      16%        2x1d4     16%         1
 Kiss of Death            Conj/Necr      16%        2d6       16%         1
 Sandblast                Erth           8%         2d5       16%         1
 Passwall                 Tmut/Erth      3%         N/A       22%         2
 Stone Arrow              Conj/Erth      8%         3d7       41%         3
 Cause Fear               Hex            2%         N/A       83%         4
 Dispel Undead            Necr           4%         3d7       83%         4
 Plasma Beam              Fire/Air       2%         2x1d12    100%        6
 Starburst                Conj/Fire      2%         6d3       100%        6
 Infestation              Necr           2%         N/A       100%        8


Dungeon Overview and Level Annotations

Branches:
Dungeon (7/15)             Temple (1/1) D:5

Altars:
Ashenzari
Dithmenos
Elyvilon
Fedhas
Gozag
Hepliaklqana
Kikubaaqudgha
Makhleb
Nemelex Xobeh
Okawaru
Qazlal
Ru
Sif Muna
Trog
Uskayaw
Vehumet
Wu Jian
Xom
Yredelemnul
Zin
The Shining One

Shops:
D:3 [   D:6 [

Annotations:
D:6 3 runed translucent doors, abessonov's ghost, novice AtBe


Innate Abilities, Weirdness & Mutations

You are a hulking beast.
Your limbs bulge with bestial killing power. (Slay +1)
You are too large for most types of armour.
You have tough skin. (AC +1)


Message History

The ice beast hits you but does no damage.
The orc warrior hits you with a +0 mace!
The orc hits you with a +0 club.
There is a stone staircase leading up, spattered with blood here.
The orc hits you with a +0 whip. The ice beast barely misses you.
The orc warrior closely misses you.
You climb upwards.
Level annotation: 3 runed translucent doors, abessonov's ghost, novice AtBe
There is a stone staircase leading down here.
Unknown command.
Okay, then.
You slash the ice beast!
The ice beast is moderately wounded.
The ice beast hits you. The ice beast freezes you!
The orc warrior hits you with a +0 mace.
The orc hits you with a +0 whip. The orc hits you with a +0 club.
Unknown command.
You barely miss the ice beast.
The ice beast is moderately wounded.
The orc closely misses you. The ice beast hits you. The ice beast freezes you!
* * * LOW HITPOINT WARNING * * *
The orc completely misses you.
The orc warrior hits you with a +0 mace!
* * * LOW HITPOINT WARNING * * *
Okay, then.
You slash the ice beast! You drain the ice beast.
The ice beast is almost dead.
The orc barely misses you. The ice beast hits you.
* * * LOW HITPOINT WARNING * * *
The ice beast freezes you!
* * * LOW HITPOINT WARNING * * *
The orc hits you but does no damage. The orc warrior completely misses you.
The orc hits you with a +0 whip.
* * * LOW HITPOINT WARNING * * *
The orc hits you with a +0 club.
* * * LOW HITPOINT WARNING * * *
The ice beast hits you.
* * * LOW HITPOINT WARNING * * *
The ice beast freezes you.
You die...

### #.# #.# #########.#######
#...............#
#.#####.........# #.#
#.#####..##
###############o#####|# #..#
...............ohY....# #..#
...####.####.###o##########..##
..............................#
....###.#....###.##########.###
........#.######.####.# #.#
.....####.#...........# #.#
.....# #.#.####.####.# #.#
.....# #.#.# #.# #.# #.# .....#
#.#.# #.# #.# #.#


You could see an orc warrior, an ice beast (drained) and 2 orcs.

Vanquished Creatures
  Sigmund (D:2)
  A steam dragon (D:6)
  An ice beast (D:5)
  2 phantoms (D:5)
  A kobold brigand (D:5)
  Blork the orc (D:5)
  3 scorpions (D:6)
  5 wights (D:6)
  5 hounds
  2 jellies
  2 orc priests
  4 sleepcaps
  3 iguanas
  2 orc wizards
  4 adders
  An ufetubus (D:6)
  An adder skeleton (D:2)
  2 adder zombies (D:2)
  4 worms
  8 dart slugs
  17 orcs
  3 bats
  6 endoplasms
  12 goblins
  4 hobgoblins
  7 jackals
  14 kobolds
  10 ball pythons
  A ball python skeleton (D:2)
  4 frilled lizards
  A jackal skeleton (D:2)
  A quokka zombie (D:2)
  6 rats
139 creatures vanquished.

Notes
Turn   | Place    | Note
-------+----------+-------------------------------------------
     0 | D:1      | Shayle the Ogre Shapeshifter began the quest for the Orb.
     0 | D:1      | Reached XP level 1. HP: 19/19 MP: 1/1
    87 | D:1      | Reached skill level 2 in Fighting
    87 | D:1      | Reached XP level 2. HP: 28/28 MP: 3/3
   188 | D:1      | Reached skill level 1 in Spellcasting
   232 | D:1      | Found a faded altar of an unknown god.
   481 | D:2      | Reached XP level 3. HP: 35/36 MP: 5/5
   516 | D:2      | Found a shimmering altar of Xom.
   771 | D:2      | Noticed Sigmund
   787 | D:2      | Killed Sigmund
   788 | D:2      | Reached skill level 4 in Fighting
   788 | D:2      | Reached XP level 4. HP: 31/49 MP: 5/8
   788 | D:2      | Reached XP level 5. HP: 35/55 MP: 5/9
  1151 | D:3      | Found Gef Gakk's Antique Armour Emporium.
  1166 | D:3      | Reached XP level 6. HP: 59/63 MP: 9/11
  1544 | D:3      | You fall into a shaft and drop 3 floors!
  1579 | D:6      | Reached skill level 5 in Fighting
  1866 | D:6      | Found Eklaotubb's Antique Armour Shoppe.
  1898 | D:6      | Reached XP level 7. HP: 43/72 MP: 13/13
  2146 | D:6      | Found a runed translucent gate.
  2146 | D:6      | Noticed abessonov's ghost (novice AtBe)
  2289 | D:6      | Found a runed translucent gate.
  2289 | D:6      | Found a runed translucent gate.
  2289 | D:6      | Identified the +3 chain mail of Egalitarianism {Fly rN+++
                  | Int-5 Slay-2}
  2306 | D:6      | Got the Compilation of the Fateful Mortuary
  2398 | D:5      | Entered Level 5 of the Dungeon
  2790 | D:3      | Reached skill level 6 in Fighting
  3049 | D:3      | Found an ornate altar of the Wu Jian Council.
  3586 | D:4      | Reached skill level 5 in Unarmed Combat
  3800 | D:5      | Reached skill level 5 in Spellcasting
  4008 | D:5      | Reached XP level 8. HP: 69/84 MP: 14/16
  4028 | D:5      | Reached skill level 7 in Fighting
  4729 | D:5      | Found a staircase to the Ecumenical Temple.
  4729 | D:5      | Noticed Blork the orc
  4739 | D:5      | Killed Blork the orc
  4744 | Temple   | Entered the Ecumenical Temple
  4957 | Temple   | Became a worshipper of Ashenzari the Shackled
  5191 | D:6      | Reached skill level 8 in Fighting
  5700 | D:6      | Reached XP level 9. HP: 60/97 MP: 19/19
  6374 | D:6      | HP: 4/97 [orc/+0 club (4)]
  6374 | D:6      | Slain by an ice beast

Illustrated notes

Levels and vault maps discovered:
D:1:      dpeg_arrival_another_circle, layout_basic,
          ebering_ecumenical_altar_mist
D:2:      layout_rooms, serial_undead, serial_undead_d, serial_undead_e,
          serial_undead_f, serial_undead_a, basic_altar,
          chequers_serial_rivers_marsh, dreamdust_mushroom_princess,
          nicolae_wormholes, uniq_sigmund
D:3:      kennysheep_slugbush, layout_rooms, mainiacjoe_overflow_catwalk,
          serial_shops, shop
D:4:      layout_basic, minmay_misc_feat_x
D:5:      layout_rooms, minmay_temple_entry_nine_rooms, uniq_blork_the_orc
D:6:      layout_basic, serial_shops, nicolae_shop_hallway_plus,
          biasface_ghost_orc_armoury, glass_columns_b
D:7:      layout_gridville, serial_shops, nicolae_shop_stone,
          nicolae_ossuary_entry_false_entrances
Temple:   mainiacjoe_temple_cubbyholes

Skill      XL: |  1  2  3  4  5  6  7  8  9 |
---------------+----------------------------+-----
Fighting       | 2 4 5 6 8 |  8.8
Spellcasting   | 1 3 4 5 6 7 |  7.1
Unarmed Combat | 3 4 5 6 |  6.6
Dodging        | |  1.7
Shapeshifting  | |  3.0

Action                     |  1- 3 |  4- 6 |  7- 9 || total
---------------------------+-------+-------+-------++-------
  Melee: Unarmed           |    11 |       |       ||    11
         Spear             |    66 |   104 |   142 ||   312
         Punch             |     1 |     7 |    12 ||    20
         Long sword        |       |       |   106 ||   106
    Use: Scroll            |     1 |       |       ||     1
         Potion            |       |     3 |     6 ||     9
   Stab: Sleeping          |     1 |       |       ||     1
 Armour: Animal skin       |    27 |    41 |    57 ||   125
         Skin              |       |       |    40 ||    40
  Dodge: Dodged            |    39 |    61 |   151 ||   251

Table legend: (Time is in decaauts)
 A = Elapsed time spent in this place.
 B = Non-inter-level travel time spent in this place.
 C = Inter-level travel time spent in this place.
 D = Time resting spent in this place.
 E = Time spent auto-exploring this place.
 F = Levels seen in this place.
 G = Mean time per level.
                   A        B        C        D        E       F      G
               +--------+--------+--------+--------+--------+-----+--------+
         Total |   6617 |   6385 |    232 |   1628 |   3125 |   8 |  827.1 |
       Dungeon |   6373 |   6173 |    200 |   1450 |   3125 |   7 |  910.4 |
        Temple |    243 |    211 |     32 |    178 |      0 |   1 |  243.0 |
               +--------+--------+--------+--------+--------+-----+--------+

Top non-repeatable levels by time:
     D:6: 2104 daAuts
     D:5: 1214 daAuts
     D:4: 937 daAuts
     D:3: 914 daAuts
     D:2: 718 daAuts
     D:1: 474 daAuts
  Temple: 243 daAuts
     D:7: 9 daAuts
